 Dungeon Crawl Stone Soup version 0.30-a0-1103-g25895a7845 (webtiles) character file.

Game seed: 11689838192027688627

4466 ryw the Basher (level 10, -3/77 HPs)
             Began as a Mummy Fighter on Apr 18, 2023.
             Was an Elder of Okawaru.
             Killed from afar by Maggie (9 damage)
             ... with a bolt of fire
             ... on level 9 of the Dungeon.
             The game lasted 00:16:59 (7711 turns).

ryw the Basher (Mummy Fighter)                      Turns: 7711, Time: 00:16:59

Health: -3/77      AC: 19    Str: 21    XL:     10   Next: 15%
Magic:  10/10      EV:  6    Int:  7    God:    Okawaru [****..]
Gold:   441        SH:  5    Dex: 17    Spells: 9/9 levels left

rFire   x . .      SeeInvis .    r - +0 morningstar
rCold   + . .      Faith    +    c - +0 buckler
rNeg    + + +      Spirit   .    m - +0 plate armour
rPois   ∞          Reflect  .    h - +0 hat {Will+}
rElec   +          Rampage  .    f - +0 cloak
rCorr   +                        w - +4 pair of gloves "Kyveqeg" {rElec rCorr Str-3 Dex+5}
Will    +++..                    (no boots) Stlth
                                 e - amulet of regeneration
HPRegen 1.12/turn                d - ring of resist corrosion
MPRegen 0.12/turn                g - ring of willpower

@: no status effects
A: cold resistance 1, negative energy resistance 3, torment resistance 2, heat
vulnerability 1, in touch with death 1, no potions, faith
a: Renounce Religion, Heroism, Finesse


You were on level 9 of the Dungeon.
You worshipped Okawaru.
Okawaru was greatly pleased with you.
You visited 2 branches of the dungeon, and saw 10 of its levels.

You collected 441 gold pieces.

Inventory:

Hand Weapons
 r - a +0 morningstar (weapon)
 u - the +5 scythe "Finisher" {speed, execute}
   (You found it on level 7 of the Dungeon)
 v - a +4 flail
Missiles
 b - a throwing net
 j - 10 boomerangs (quivered)
 s - 6 javelins
 t - a curare-tipped dart
Armour
 c - a +0 buckler (worn)
 f - a +0 cloak (worn)
 h - a +0 hat of willpower (worn)
 m - a +0 plate armour (worn)
 w - the +4 pair of gloves "Kyveqeg" (worn) {rElec rCorr Str-3 Dex+5}
   (You found it on level 9 of the Dungeon)

   Str:       It affects your strength (-3).
   Dex:       It affects your dexterity (+5).
   rElec:     It insulates you from electricity.
   rCorr:     It protects you from acid and corrosion.
Jewellery
 d - a ring of resist corrosion (left hand)
 e - an amulet of regeneration (around neck)
 g - a ring of willpower (right hand)
 i - a ring of protection from cold
 n - an amulet of guardian spirit
Wands
 o - a wand of flame (51)
 p - a wand of charming (10)
Scrolls
 a - a scroll of fog
 k - 6 scrolls of noise
 l - 9 scrolls of identify
 q - a scroll of teleportation


   Skills:
 + Level 6.6 Fighting
 * Level 8.8 Maces & Flails
 - Level 4.0 Throwing
 + Level 5.6 Armour
 + Level 4.2 Shields


You had 9 spell levels left.
You didn't know any spells.
Your spell library contained the following spells:

 Spells                   Type           Power      Damage    Failure   Level
 Necrotise                Necr           0%         1d4       100%        1
 Sandblast                Erth           0%         2d4       100%        1
 Shock                    Conj/Air       0%         1d3       100%        1
 Blink                    Tloc           0%         N/A       100%        2
 Lesser Beckoning         Tloc           0%         N/A       100%        2
 Momentum Strike          Conj/Tloc      0%         3d8       100%        2
 Passwall                 Tmut/Erth      0%         N/A       100%        2
 Dazzling Flash           Conj/Hex       0%         N/A       100%        3
 Gell's Gravitas          Tloc           0%         N/A       100%        3
 Ignite Poison            Fire/Tmut/Pois 0%         N/A       100%        3
 Stone Arrow              Conj/Erth      0%         3d7       100%        3
 Swiftness                Air            0%         N/A       100%        3
 Teleport Other           Tloc           0%         N/A       100%        3
 Vampiric Draining        Necr           0%         2d6       100%        3
 Airstrike                Air            0%         2d(0-16)  100%        4
 Manifold Assault         Tloc           0%         N/A       100%        4
 Sticky Flame             Conj/Fire      0%         2d3       100%        4
 Agony                    Necr           0%         N/A       100%        5
 Silence                  Hex/Air        0%         N/A       100%        5
 Orb of Destruction       Conj           0%         9d5       100%        7
 Ignition                 Fire           0%         3d3       100%        8
 Summon Guardian Golem    Hex/Summ       Unusable   N/A       N/A         3
 Spellforged Servitor     Conj/Summ      Unusable   N/A       N/A         7
 Storm Form               Tmut/Air       Unusable   N/A       N/A         7

Dungeon Overview and Level Annotations

Branches:
Dungeon (9/15)             Temple (1/1) D:6
   Lair: D:8-11         Orc: D:9-12

Altars:
Ashenzari
Dithmenos
Fedhas
Gozag
Hepliaklqana
Kikubaaqudgha
Makhleb
Nemelex Xobeh
Okawaru
Ru
Sif Muna
Trog
Uskayaw
Vehumet
Wu Jian
Xom
Yredelemnul

Shops:
D:5 =   D:7 !

Annotations:
D:9 Maggie
Temple 2 transporters


Innate Abilities, Weirdness & Mutations

You are immune to poison.
Your flesh is cold resistant. (rC+)
You are immune to negative energy. (rN+++)
You are immune to unholy pain and torment.
You are vulnerable to heat. (rF-)
You are in touch with the powers of death.
You do not drink.
You have a special connection with the divine. (Faith)


Message History

Maggie is severely wounded.
You barely miss Maggie.
Maggie is severely wounded.
Maggie drinks a potion.
Maggie flickers and vanishes!
Deactivating autopickup; reactivate with Ctrl-A.
You hit something. Something hits you!
You hit something but do no damage. Something hits you!
You closely miss something. Something hits you but does no damage.
You hit something but do no damage. You hit something but do no damage.
You hear some strange, mumbled words.
Something hits you but does no damage.
You barely miss something. You miss something.
You hear some strange, mumbled words.
You hit something but do no damage. Something hits you!
You miss something. Something hits you!
* * * LOW HITPOINT WARNING * * *
You hit something but do no damage. You block something's attack.
You closely miss something. You barely miss something.
You block something's attack.
You completely miss something. Something hits you!
* * * LOW HITPOINT WARNING * * *
You miss something. Something hits you.
* * * LOW HITPOINT WARNING * * *
Okay, then.
You miss something. You hit something. Something hits you!
* * * LOW HITPOINT WARNING * * *
You barely miss something.
You hear some strange, mumbled words.
You barely miss something. Something hits you.
* * * LOW HITPOINT WARNING * * *
You barely miss something. Something hits you but does no damage.
You miss something. You puncture something!
You hear some strange, mumbled words.
A bolt of fire appears from out of thin air!
The bolt of fire hits you! The fire burns you terribly!
You die...

#......#######
.######.............
...................
....).............
................#
................#
............{...#
............@...#
...######.......#
#.......##
#..........
#...........
#...........
##..........
#.######### ..#
#.#........ ...#


There were no monsters in sight!

Vanquished Creatures
  Gastronok (D:8)
  Maurice (D:8)
  A hornet (D:9)
  2 yaks
  2 water moccasins (D:7)
  An ice beast (D:3)
  A sky beast (D:6)
  3 black bears
  An ogre (D:4)
  A kobold brigand (D:6)
  2 bullfrogs
  A gnoll sergeant (D:8)
  A scorpion (D:5)
  14 wights
  A howler monkey (D:6)
  2 jellies
  An orc priest (D:5)
  4 hounds
  Ijyb (D:4)
  4 iguanas
  5 orc wizards
  Robin (D:3)
  14 gnolls
  4 adders
  2 worms (D:3)
  A dart slug (D:1)
  10 orcs
  7 ball pythons
  9 bats
  2 endoplasms
  A giant cockroach (D:1)
  15 goblins
  9 hobgoblins
  3 jackals (D:3)
  2 quokkas
  6 frilled lizards
  15 kobolds
  6 rats
157 creatures vanquished.

Vanquished Creatures (others)
  Eustachio (D:6)
1 creature vanquished.

Grand Total: 158 creatures vanquished

Notes
Turn   | Place    | Note
-------+----------+-------------------------------------------
     0 | D:1      | ryw the Mummy Fighter began the quest for the Orb.
     0 | D:1      | Reached XP level 1. HP: 18/18 MP: 1/1
    40 | D:1      | Reached skill level 2 in Maces & Flails
    78 | D:1      | Reached XP level 2. HP: 19/24 MP: 2/2
   456 | D:1      | Gained mutation: You are in touch with the powers of death.
                  | [Mummy growth]
   456 | D:1      | Reached XP level 3. HP: 29/29 MP: 3/3
   713 | D:2      | Reached skill level 3 in Maces & Flails
  1132 | D:3      | Noticed Robin
  1338 | D:3      | Noticed an ice beast
  1471 | D:2      | Reached XP level 4. HP: 7/35 MP: 4/4
  1699 | D:3      | Killed an ice beast
  1700 | D:3      | Reached skill level 4 in Maces & Flails
  1700 | D:3      | Reached XP level 5. HP: 41/41 MP: 5/5
  1765 | D:3      | Reached skill level 5 in Maces & Flails
  1811 | D:3      | Identified the +9 short sword of Zompygh {freeze, rPois
                  | Dex-2 SInv}
  1830 | D:3      | Found a hide-covered altar of Uskayaw.
  2091 | D:3      | Reached XP level 6. HP: 46/47 MP: 6/6
  2340 | D:3      | Killed Robin
  2836 | D:4      | Reached skill level 1 in Throwing
  2915 | D:4      | Reached XP level 7. HP: 17/52 MP: 7/7
  3085 | D:4      | Noticed Ijyb
  3093 | D:4      | Killed Ijyb
  3131 | D:5      | Entered Level 5 of the Dungeon
  3238 | D:5      | Found a shadowy altar of Dithmenos.
  3252 | D:5      | Reached skill level 6 in Maces & Flails
  3290 | D:5      | Found Reras's Jewellery Boutique.
  3859 | D:6      | Noticed Eustachio
  3952 | D:6      | Found a staircase to the Ecumenical Temple.
  3961 | Temple   | Entered the Ecumenical Temple
  3961 | Temple   | Found a transporter.
  3961 | Temple   | Found a transporter.
  3963 | Temple   | Found a transporter.
  3963 | Temple   | Found a transporter.
  3982 | Temple   | Became a worshipper of Warmaster Okawaru
  4278 | D:5      | Reached XP level 8. HP: 61/61 MP: 8/8
  4498 | D:6      | Killed Eustachio
  5132 | D:7      | Found the +5 scythe "Finisher" {speed, execute}
  5243 | D:7      | Reached * piety under Okawaru
  5339 | D:7      | Reached skill level 7 in Maces & Flails
  5507 | D:7      | Reached skill level 5 in Fighting
  5704 | D:7      | Reached ** piety under Okawaru
  5731 | D:7      | Reached XP level 9. HP: 61/68 MP: 9/9
  5793 | D:7      | Found Aliolir's Distillery.
  6463 | D:8      | Noticed Gastronok
  6468 | D:8      | Noticed Maurice
  6534 | D:8      | Killed Gastronok
  6534 | D:8      | Reached *** piety under Okawaru
  6535 | D:8      | Reached skill level 8 in Maces & Flails
  6535 | D:8      | Reached skill level 5 in Armour
  6904 | D:8      | Killed Maurice
  7133 | D:8      | Reached **** piety under Okawaru
  7188 | D:8      | Reached XP level 10. HP: 51/77 MP: 10/10
  7455 | D:9      | Identified the +4 pair of gloves "Kyveqeg" {rElec rCorr
                  | Str-3 Dex+5}
  7572 | D:9      | Noticed Maggie
  7706 | D:9      | HP: 2/77 [something (7)]
  7711 | D:9      | Killed from afar by Maggie

Illustrated notes

Levels and vault maps discovered:
D:1:      lightli_arrival_chessboard, layout_rooms, minmay_misc_feat_diagonals,
          minivault_5
D:2:      layout_basic
D:3:      layout_basic, minmay_overflow_temple_star_quad, minmay_joined_circles,
          uniq_robin
D:4:      layout_basic, uniq_ijyb
D:5:      layout_loops_ring, nicolae_dithmenos_through_a_glass_darkly,
          serial_shops, shop, feat_on_display
D:6:      layout_gridville, minmay_temple_entry_mini_moons, uniq_eustachio
D:7:      layout_loops_corners, serial_shops, nicolae_shop_real_fake_doors
D:8:      layout_loops_cross, uniq_maurice, uniq_gastronok
D:9:      layout_irregular_city, mainiacjoe_overflow_24_doors, uniq_maggie
Temple:   hellmonk_temple_divided_pantheon

Skill      XL: |  1  2  3  4  5  6  7  8  9 |
---------------+----------------------------+-----
Maces & Flails | 2 3 4 5 6 7 8 |  8.8
Throwing       | 1 2 3 4 |  4.0
Armour         | 3 4 5 |  5.6
Fighting       | 4 5 6 |  6.6
Shields        | 3 4 |  4.2

Action                     |  1- 3 |  4- 6 |  7- 9 | 10-12 || total
---------------------------+-------+-------+-------+-------++-------
  Melee: Flail             |   145 |   191 |   106 |       ||   442
         Morningstar       |       |       |   237 |    86 ||   323
  Throw: Boomerang         |       |     4 |    19 |     2 ||    25
         Javelin           |       |       |     6 |       ||     6
         Dart              |       |       |     1 |       ||     1
         Throwing net      |       |       |     1 |       ||     1
    Use: Scroll            |     4 |     3 |       |       ||     7
 Armour: Scale mail        |    79 |    35 |       |       ||   114
         Plate armour      |       |    67 |   290 |    22 ||   379
  Dodge: Dodged            |    91 |    40 |   127 |    15 ||   273
  Block: Buckler           |    35 |    48 |    83 |    19 ||   185

Table legend: (Time is in decaauts)
 A = Elapsed time spent in this place.
 B = Non-inter-level travel time spent in this place.
 C = Inter-level travel time spent in this place.
 D = Time resting spent in this place.
 E = Time spent auto-exploring this place.
 F = Levels seen in this place.
 G = Mean time per level.
                   A        B        C        D        E       F      G
               +--------+--------+--------+--------+--------+-----+--------+
         Total |   7876 |   7535 |    341 |   1417 |   4161 |  10 |  787.6 |
       Dungeon |   7837 |   7503 |    334 |   1417 |   4155 |   9 |  870.8 |
        Temple |     38 |     31 |      7 |      0 |      6 |   1 |   38.0 |
               +--------+--------+--------+--------+--------+-----+--------+

Top non-repeatable levels by time:
     D:7: 1428 daAuts
     D:8: 1173 daAuts
     D:2: 990 daAuts
     D:5: 963 daAuts
     D:3: 903 daAuts
     D:6: 863 daAuts
     D:1: 684 daAuts
     D:4: 650 daAuts
     D:9: 179 daAuts
  Temple: 38 daAuts
